 Dungeon Crawl Stone Soup version 0.19-a0-147-g6f47703 (webtiles) character file.

498 mrath the Digger (level 7, -2/36 HPs)
             Began as a Gargoyle Earth Elementalist on May 19, 2016.
             Killed from afar by an orc wizard (12 damage)
             ... with a puff of flame
             ... on level 4 of the Dungeon.
             The game lasted 00:24:33 (3832 turns).

mrath the Digger (Gargoyle Earth Elementalist)      Turns: 3832, Time: 00:24:35

Health: -2/36      AC:  7    Str: 11    XL:     7   Next: 16%
Magic:  14/15      EV: 12    Int: 18    God:
Gold:   157        SH:  0    Dex: 10    Spells: 2 memorised, 12 levels left

rFire  . . .     SeeInvis .     g - +1 mace (holy)
rCold  . . .     Gourm    .     a - +0 robe
rNeg   + . .     Faith    .     (no shield)
rPois  ∞         Spirit   .     (no helmet)
rElec  +         Dismiss  .     M - +0 cloak
rCorr  .         Reflect  .     (no gloves)
SustAt .         Harm     .     (no boots)
MR     .....                    (no amulet)
Stlth  ++........               (no ring)
                                (no ring)

@: not resistant to hostile enchantments, unstealthy
A: negative energy resistance 1, electricity resistance, unbreathing,
petrification resistance, rot immunity, AC +4
a: no special abilities


You were on level 4 of the Dungeon.
You were not hungry.

You visited 1 branch of the dungeon, and saw 4 of its levels.

You collected 157 gold pieces.

Inventory:

Hand Weapons
 g - a +1 mace of holy wrath (weapon)
 t - a +0 spear
 z - a cursed -1 dagger
 F - a +0 falchion
 G - a +0 blowgun
Missiles
 b - 125 stones (quivered)
 i - a throwing net
 x - 28 sling bullets
 H - 7 poisoned needles
 K - 8 curare-tipped needles
Armour
 a - a +0 robe (worn)
 k - a cursed +0 scale mail
 J - a +3 ring mail
 M - a +0 cloak (worn)
Jewellery
 e - an uncursed ring of sustain attributes {unknown}
 E - an uncursed ring of protection from fire {unknown}
Wands
 I - a wand of iceblast (9/15)
Scrolls
 h - 5 scrolls of identify {unknown}
 j - 2 scrolls of teleportation {unknown}
 m - a scroll of remove curse {unknown}
 o - a scroll of enchant armour {unknown}
 s - a scroll of random uselessness {unknown}
 u - 2 scrolls of enchant weapon {unknown}
 v - a scroll of fear {unknown}
 w - a scroll of magic mapping {unknown}
 y - 3 scrolls of amnesia {unknown}
 A - a scroll of immolation {unknown}
 B - a scroll of blinking {unknown}
 C - a scroll of recharging {unknown}
Potions
 f - a potion of degeneration {unknown}
 l - 4 potions of agility {unknown}
 q - a potion of brilliance {unknown}
 r - a potion of cure mutation {unknown}
 D - a potion of flight {unknown}
 L - 2 potions of resistance {unknown}
Books
 c - a book of Geomancy

   Spells                             Type                      Level
   a - Sandblast                      Earth                        1
   b - Passwall                       Transmutation/Earth          2
   c - Stone Arrow                    Conjuration/Earth            3
   d - Petrify                        Transmutation/Earth          4
   e - Lee's Rapid Deconstruction     Earth                        5
Comestibles
 d - 6 bread rations
 n - a meat ration
 p - 3 fruits
 N - 2 chunks of flesh
 O - a beef jerky


   Skills:
 - Level 1.5 Dodging
 - Level 2.1 Stealth
 * Level 5.3 Spellcasting
 + Level 3.0 Conjurations
   Level 0.7 Transmutations
 + Level 5.7 Earth Magic


You had 12 spell levels left.
You knew the following spells:

 Your Spells              Type           Power        Failure   Level  Hunger
a - Sandblast             Erth           ####..       1%          1    None
b - Stone Arrow           Conj/Erth      ###...       10%         3    ##.....


Dungeon Overview and Level Annotations

Branches:
Dungeon (4/15)
 Temple: D:4-7

Altars:
Ashenzari
Dithmenos
Yredelemnul

Annotations:
D:4 1 runed door, Eustachio


Innate Abilities, Weirdness & Mutations

You are resistant to torment.
Your stone body is resilient (AC +4).
You are immune to poison.
You resist negative energy.
You are resistant to electric shocks.
You can survive without breathing.
You are immune to petrification.
You are immune to rotting.


Message History

A puff of frost appears from out of thin air!
The puff of frost hits you!
You closely miss something.
Something hits you but does no damage. x2
You miss something.
You hear some strange, mumbled words.
A puff of flame appears from out of thin air!
The puff of flame misses you.
The orc wizard casts a cantrip, but nothing happens.
Something hits you but does no damage.
You miss something. Something hits you but does no damage. Something hits you.
The orc wizard miscasts a cantrip.
You hear some strange, mumbled words.
A puff of flame appears from out of thin air!
The puff of flame hits you!
* * * LOW HITPOINT WARNING * * *
You hear some strange, mumbled words.
A puff of flame appears from out of thin air!
The puff of flame hits you!
You die...

#.# #...#####....# .##
##.## ####.# .### #.#
#####.# #.# ...# #.#
#.....# #.# .#.# #.###
#.###.# #.# ##.# #...#
#o# #.# ##.#####.###.#
#.# #.# .............#
#.# #.# ....###..#####
#@# #.# ......#..#
#.#####.##########
......#..#
#.................
......#..#
#.................
#...#.#..#
#####...##########
#...#.#..###### ##....#
##.##.#.......####.#...#
..##.#.####...........#
### #.#.# #.###.##....#
#


You could see an orc wizard.

Vanquished Creatures
  2 ogres (D:4)
  A centaur skeleton (D:4)
  2 orc priests (D:4)
  2 orc wizards
  2 worker ants (D:4)
  A howler monkey skeleton (D:4)
  3 adders
  An adder skeleton (D:4)
  A dart slug (D:1)
  2 giant geckos
  15 orcs
  4 bats
  3 giant cockroaches
  7 hobgoblins
  3 jackals
  3 quokkas
  3 ball pythons
  3 giant newts
  10 goblins
  11 kobolds
  6 rats
85 creatures vanquished.

Notes
Turn   | Place    | Note
--------------------------------------------------------------
     0 | D:1      | mrath the Gargoyle Earth Elementalist began the quest for the Orb.
     0 | D:1      | Reached XP level 1. HP: 10/10 MP: 3/3
   442 | D:1      | Reached XP level 2. HP: 15/15 MP: 3/5
   751 | D:2      | Reached XP level 3. HP: 19/19 MP: 0/7
  1690 | D:2      | Learned a level 3 spell: Stone Arrow
  1814 | D:3      | Reached XP level 4. HP: 20/24 MP: 0/9
  2461 | D:3      | Reached skill level 1 in Conjurations
  2523 | D:3      | Reached XP level 5. HP: 28/28 MP: 5/10
  2699 | D:3      | Found a shattered altar of Ashenzari.
  2915 | D:4      | Noticed an ogre
  2922 | D:4      | Killed an ogre
  2922 | D:4      | Reached skill level 5 in Earth Magic
  2974 | D:4      | Reached XP level 6. HP: 30/32 MP: 12/12
  2998 | D:4      | Found a shadowy altar of Dithmenos.
  3359 | D:4      | Reached skill level 5 in Spellcasting
  3359 | D:4      | Reached XP level 7. HP: 36/36 MP: 9/14
  3414 | D:4      | Noticed Eustachio
  3723 | D:4      | Found a runed door.
  3723 | D:4      | Noticed a human
  3730 | D:4      | Found a basalt altar of Yredelemnul.
  3832 | D:4      | Killed from afar by an orc wizard

Vault maps used:
D:1:      minmay_arrival_up_and_down
D:2:      first_bread, kennysheep_generic_room_7
D:3:      ashenzari_conservatory_becter
D:4:      lemuel_round_altar, dk_yredelemnul_ordeal, uniq_eustachio

Skill      XL: |  1  2  3  4  5  6  7 |
---------------+----------------------+-----
Earth Magic    | 4 5 |  5.7
Spellcasting   | 3 4 5 |  5.3
Conjurations   | 1 2 3 |  3.0
Dodging        | |  1.5
Stealth        | |  2.1
Transmutations | |  0.7

Action                   |  1- 3 |  4- 6 |  7- 9 || total
-------------------------+-------+-------+-------++-------
Melee: Mace              |    14 |    40 |    31 ||    85
 Cast: Sandblast         |    47 |    69 |    16 ||   132
 Stab: Sleeping          |     1 |       |     1 ||     2
  Eat: Chunk             |     3 |     5 |     1 ||     9
Armor: Robe              |    20 |    32 |    14 ||    66
Dodge: Dodged            |    25 |    43 |    16 ||    84
